AoeStats
← DerTyp

Four Lakes

508059543Analyzed
1v1 RM · 10d ago on Sep 20, 2026· 44m 15s· 2 players
Game mode
Random Map
Map size
Tiny (2 player)
Population
200
Speed
Normal
Resources
Standard
Victory
Conquest
Starting age
Dark Age
Ending age
Imperial Age
RankedLock teamsTeams togetherTeam positionsShared explorationLock speedFull tech treeHidden civsTurbo modeCheats
Victory
Defeat
🇩🇪 Poles · Germany
1125
+15
🇳🇱 Armenians · Netherlands
1107
-15
SpecialeBoterham
11:17 Feudal Age
9:41 Loom
11:22 Man-at-Arms
13:06 Double-Bit Axe
13:24 Long Swordsman
17:35 Pikeman
18:22 Scale Mail Armor
18:33 Forging
23:51 Castle Age
22:24 Gold Mining
24:38 Wheelbarrow
24:06 Fletching
24:18 Padded Archer Armor
29:17 Horse Collar
29:51 Bow Saw
29:40 Bodkin Arrow
30:00 Leather Archer Armor
30:34 Heavy Plow
32:55 Hand Cart
32:26 Town Watch
34:43 Ballistics
37:13 Imperial Age
38:28 Bracer
38:59 Ring Archer Armor
DerTyp
1:50 Loom
2:20 Loom
11:06 Feudal Age
11:43 Double-Bit Axe
12:05 Horse Collar
13:31 Bloodlines
13:48 Scale Barding Armor
13:56 Forging
20:09 Castle Age
18:06 Fletching
18:27 Gold Mining
19:01 Padded Archer Armor
18:50 Fishing Lines
22:16 Bow Saw
26:41 Heavy Plow
27:23 Scale Mail Armor
29:04 Husbandry
30:47 Iron Casting
31:00 Chain Mail Armor
31:30 Wheelbarrow
31:06 Stone Mining
32:51 Light Cavalry
34:04 Hand Cart
34:09 Bodkin Arrow
34:41 Elite Skirmisher
37:53 Imperial Age
36:52 Chain Barding Armor
38:01 Thumb Ring
37:53 Winged Hussar
39:07 Crop Rotation
39:08 Lechitic Legacy
43:30 Ballistics
44:11 Chemistry
Connection lost

Rejoining the realm…

Still unreachable

The connection could not be restored.

Session expired

The server has moved on; the page needs a fresh start.